 Dungeon Sprint DCSS version 0.20-a0-876-g2c7b0bf (webtiles) character file.

9 esc the Ruffian (level 2, -2/31 HPs)
             Began as a Troll Berserker on Mar 15, 2017.
             Was a Follower of Trog.
             Killed from afar by an oklob sapling (12 damage)
             ... with a splash of acid
             ... in the Dungeon (Sprint IV: "Fedhas' Mad Dash").
             The game lasted 00:00:11 (65 turns).

esc the Ruffian (Troll Berserker)                     Turns: 65, Time: 00:00:11

Health: -2/31      AC:  1    Str: 24    XL:     2   Next: 6%
Magic:  1/1        EV: 10    Int:  3    God:    Trog [*.....]
Gold:   0          SH:  0    Dex:  9    Spells: 1/1 levels left

rFire    . . .     SeeInvis .     - Unarmed
rCold    . . .     Gourm    +   a - +0 animal skin
rNeg     . . .     Faith    .   (no shield)
rPois    .         Spirit   .   (helmet restricted)
rElec    .         Reflect  .   (no cloak)
rCorr    .         Harm     .   (gloves unavailable)
MR       .....     NoTele   +   (boots unavailable)
Stlth    +.........             (no amulet)
Regen    0.5/turn               (no ring)
MPRegen  0.1/turn               (no ring)

@: corroded
A: unfitting armour, claws 3, fast metabolism 3, gourmand, regeneration 1,
shaggy fur 1, tough skin 2
a: Berserk, Burn Spellbooks, Renounce Religion


You were in the Dungeon.
You worshipped Trog.
Trog was aware of your devotion.
You were not hungry.

You visited 1 branch

Inventory:

Armour
 a - a +0 animal skin (worn)
Scrolls
 h - a scroll of blinking {!r}
Potions
 c - a potion of curing
 d - a potion of heal wounds
 e - a potion of haste
 f - 2 potions of magic
 g - a potion of berserk rage {!q}
Comestibles
 b - 2 bread rations {@e1}


   Skills:
 + Level 3.0 Fighting
 + Level 3.1 Dodging
 + Level 3.9 Unarmed Combat


You had one spell level left.
You didn't know any spells.

Dungeon Overview and Level Annotations

Branches:
Dungeon (1/1)

Altars:

Annotations:
D exclusion: oklob sapling


Innate Abilities, Weirdness & Mutations

You are too large for most types of armour.
You have claws for hands.
Your metabolism is lightning-fast.
You like to eat raw meat.
Your natural rate of healing is unusually fast.
You are covered in fur. (AC +1)
You have very tough skin. (AC +2)


Message History

Welcome, esc the Troll Berserker.
Trog says: Kill them all!
Found a staircase leading out of the dungeon.
You open the door.
A rat and a river rat come into view.
There is an open door here.
The river rat bites you.
You see here a spear.
You take 4 damage, and have 18/22 hp.
You closely miss the river rat. The river rat bites you!
You take 9 damage, and have 9/22 hp.
MASSIVE DAMAGE!!
You scratch the river rat. The rat bites you but does no damage.
The river rat bites you.
* * * LOW HITPOINT WARNING * * *
You take 4 damage, and have 5/22 hp.
You claw the river rat!
You kill the river rat!
Trog accepts your kill.
Your Fighting skill increases to level 3!
Your Dodging skill increases to level 3!
You have reached level 2!
The rat barely misses you.
You regained 2 hp, and now have 7/31 hp.
MP restored: 1 You are too injured to fight recklessly!
You are too injured to fight recklessly!
You are too injured to fight recklessly!
You are too injured to fight recklessly!
You barely miss the rat. The rat bites you.
* * * LOW HITPOINT WARNING * * *
You take 1 damage, and have 6/31 hp.
You scratch the rat.
You kill the rat!
Trog accepts your kill.
You see here a rat corpse.
You butcher the rat corpse.
i - a chunk of flesh {@w0} You see here a river rat corpse.
You butcher the river rat corpse.
You see here an inedible chunk of flesh {@w0}.
You start resting.
Eating a chunk of flesh {@w0}.
You eat the chunk of flesh {@w0}.
This raw flesh tastes great.
Health restored: 31 You open the door.
An oklob sapling comes into view.
There is an open door here.
The oklob sapling spits acid at you. The splash of acid hits you!
The acid corrodes you!
You are splashed with acid!
The acid burns!
You take 21 damage, and have 10/31 hp.
MASSIVE DAMAGE!!
A worker ant comes into view.
The worker ant twitches its antennae in your direction.
The oklob sapling spits acid at you. The splash of acid hits you!
You die...

##################
#<..P#.....#.@$$$#
#PP..'.)...'.#?(.+
#PPPP#..%..#P#a..#
###############+##


You could see an oklob sapling and a worker ant.

Vanquished Creatures
  A river rat (D)
  A rat (D)
2 creatures vanquished.

Notes
Turn   | Place    | Note
-------+----------+-------------------------------------------
     0 | D        | esc the Troll Berserker began the quest for the Orb.
     0 | D        | Reached XP level 1. HP: 22/22 MP: 0/0
     8 | D        | HP: 5/22 [river rat (5)]
     9 | D        | Reached skill level 3 in Fighting
     9 | D        | Reached skill level 3 in Dodging
     9 | D        | Reached XP level 2. HP: 7/31 MP: 1/1
    62 | D        | Noticed an oklob sapling
    65 | D        | Killed from afar by an oklob sapling

Vault maps used:
D:        dungeon_sprint_fedhas

Skill      XL: |  1 |
---------------+----+-----
Fighting       | 3 |  3.0
Dodging        | 3 |  3.1
Unarmed Combat | |  3.9

Action                   || total
-------------------------++-------
Melee: Unarmed           ||     5
  Eat: Chunk             ||     1
Armor: Animal skin       ||     1
Dodge: Dodged            ||     1

Vault maps used:
D:        dungeon_sprint_fedhas

Table legend:
 A = Turns spent in this place as a percentage of turns spent in the entire game.
 B = Non-inter-level travel turns spent in this place as a percentage of non-inter-level travel turns spent in the entire game.
 C = Inter-level travel turns spent in this place as a percentage of turns spent in this place.
 D = Turns resting spent in this place as a percentage of non-inter-level travel turns spent in this place.
 E = Turns spent auto-exploring this place as a percentage of non-inter-level travel turns spent in this place.
 F = Non-inter-level travel turns spent in this place divided by the number of levels of this place that you've seen.
                   A       B       C       D       E      F
               +-------+-------+-------+-------+-------+----------------------
         Total | 100.0 | 100.0 |   0.0 |   7.4 |   0.0 |  27.0
       Dungeon | 100.0 | 100.0 |   0.0 |   7.4 |   0.0 |  27.0
               +-------+-------+-------+-------+-------+----------------------

Table legend:
 A = Kills in this place as a percentage of kills in entire the game.
 B = Kills by you in this place as a percentage of kills by you in the entire game.
 C = Kills by friends in this place as a percentage of kills by friends in the entire game.
 D = Other kills in this place as a percentage of other kills in the entire game.
 E = Experience gained in this place as a percentage of experience gained in the entire game.
 F = Experience gained in this place divided by the number of levels of this place that you have seen.
                   A       B       C       D       E      F
               +-------+-------+-------+-------+-------+----------------------
         Total | 100.0 | 100.0 |  -nan |  -nan | 100.0 |  14.0
       Dungeon | 100.0 | 100.0 |  -nan |  -nan | 100.0 |  14.0
               +-------+-------+-------+-------+-------+----------------------
